 Dungeon Crawl Stone Soup version 0.25.0-46-gbd7b0854d2 (webtiles) character file.

Game seed: 12205204465016065620

119 nikku the Skirmisher (level 4, -7/41 HPs)
             Began as a Minotaur Berserker on July 18, 2020.
             Was a Believer of Trog.
             Mangled by Natasha (8 damage)
             ... on level 3 of the Dungeon.
             The game lasted 00:02:52 (1942 turns).

nikku the Skirmisher (Minotaur Berserker)           Turns: 1942, Time: 00:02:53

Health: -7/41      AC:  5    Str: 22    XL:     4   Next: 73%
Magic:  3/3        EV: 11    Int:  4    God:    Trog [**....]
Gold:   218        SH:  0    Dex: 10    Spells: 3/3 levels left

rFire    . . .     SeeInvis .   a - +0 hand axe
rCold    . . .     Gourm    .   (no shield)
rNeg     . . .     Faith    .   d - +0 ring mail
rPois    .         Spirit   .   (helmet restricted)
rElec    .         Reflect  .   (no cloak)
rCorr    .         Harm     .   (no gloves)
MR       .....                  (no boots)
Stlth    ..........             (no amulet)
HPRegen  0.13/turn              (no ring)
MPRegen  0.08/turn              (no ring)

@: slowed, very slow
A: retaliatory headbutt, horns 2
a: Berserk, Trog's Hand, Renounce Religion


You were on level 3 of the Dungeon.
You worshipped Trog.
Trog was pleased with you.
You were not hungry.

You visited 1 branch of the dungeon, and saw 3 of its levels.

You collected 218 gold pieces.

Inventory:

Hand Weapons
 a - a +0 hand axe (weapon)
Armour
 d - a +0 ring mail (worn)
Jewellery
 o - a cursed amulet of inaccuracy {unknown}
Wands
 m - a wand of iceblast (11)
Scrolls
 e - a scroll of teleportation
 j - a scroll of identify
 l - a scroll of fear
 n - a scroll of immolation {unknown}
Potions
 f - a potion of might {unknown}
 g - a potion of lignification {unknown}
 h - a potion of haste {unknown}
 i - 2 potions of curing {unknown}
 k - a potion of heal wounds {unknown}
Comestibles
 b - 3 chunks of flesh
 c - 6 rations


   Skills:
 + Level 4.8 Fighting
 + Level 4.8 Axes
 + Level 4.0 Armour
 - Level 2.1 Dodging


You had 3 spell levels left.
You didn't know any spells.
Your spell library was empty.

Dungeon Overview and Level Annotations

Branches:
Dungeon (3/15)

Altars:
Xom

Annotations:
D:3 Natasha


Innate Abilities, Weirdness & Mutations

You reflexively headbutt those who attack you in melee.
You have a pair of horns on your head.


Message History

Natasha is almost dead.
You hit the white imp. The white imp hits you. The white imp freezes you.
Natasha claws you. The white imp gestures at you. The puff of frost misses you.
Natasha closely misses you.
Your ring mail prevents you from hitting Natasha.
Natasha is almost dead.
You hit the white imp but do no damage. The white imp gestures at you.
The puff of frost hits you!
* * * LOW HITPOINT WARNING * * *
Natasha claws you but does no damage. The white imp gestures at you.
The puff of frost hits you!
* * * LOW HITPOINT WARNING * * *
You are too injured to fight recklessly!
You barely miss Natasha. Your headbutt misses Natasha.
Natasha is almost dead.
You hit the white imp but do no damage. Natasha claws you!
You die...

#.# #. #.# #.# ## ...
#####.# #.##.# #..>#.#
#.##.# #.....# #.##.#
#...###### #.##.#
##...<.... #.##h#
#.####### #.##@### #.#
##.##.5.######.#
#..............#######
#.###...#.##.#.)......
##.###..##.##.#.#######
#..........###...##
#..###..##.##.....##
#..# #..##.#.8...8.##
#..# #..##..........#


You could see Natasha and a white imp (summoned).

Vanquished Creatures
  Natasha (D:3)
  Robin (D:3)
  3 adders
  A dart slug (D:2)
  2 leopard geckos
  An orc (D:3)
  2 ball pythons
  6 bats
  6 hobgoblins
  3 jackals (D:2)
  3 frilled lizards
  15 goblins
  2 kobolds
  7 rats
53 creatures vanquished.

Notes
Turn   | Place    | Note
-------+----------+-------------------------------------------
     0 | D:1      | nikku the Minotaur Berserker began the quest for the Orb.
     0 | D:1      | Reached XP level 1. HP: 19/19 MP: 0/0
   221 | D:1      | Reached XP level 2. HP: 27/27 MP: 1/1
  1011 | D:2      | Found a shimmering altar of Xom.
  1023 | D:2      | Reached XP level 3. HP: 33/33 MP: 2/2
  1280 | D:2      | Reached ** piety under Trog
  1514 | D:3      | Noticed Robin
  1516 | D:3      | Noticed Natasha
  1520 | D:3      | Killed Robin
  1530 | D:3      | Reached XP level 4. HP: 41/41 MP: 3/3
  1533 | D:3      | Killed Natasha
  1936 | D:3      | Noticed Natasha
  1941 | D:3      | HP: 1/41 [white imp/puff of frost[Natasha] (9)]
  1942 | D:3      | Mangled by Natasha

Illustrated notes

Levels and vault maps discovered:
D:1:      ncdulo_wetmaze, layout_rooms, grunt_decor_mini_mirrors, minivault_14
D:2:      layout_loops_cross, lemuel_doored_altar, first_ration, serial_forest,
          infiniplex_forest_straight_1, infiniplex_forest_clump_large,
          infiniplex_forest_zigzag_2, infiniplex_forest_corner_1,
          infiniplex_forest_clump_double, infiniplex_forest_straight_2
D:3:      layout_loops_ring, wad_floor_pattern_untrapped, uniq_robin,
          uniq_natasha

Skill      XL: |  1  2  3  4 |
---------------+-------------+-----
Fighting       | 4 |  4.8
Axes           | 4 |  4.8
Armour         | 3 4 |  4.0
Dodging        | |  2.1

Action                   |  1- 3 |  4- 6 || total
-------------------------+-------+-------++-------
Melee: Hand axe          |    63 |    30 ||    93
       Headbutt          |    13 |     3 ||    16
Invok: Berserk           |     1 |       ||     1
       Trog's Hand       |     1 |       ||     1
  Use: Scroll            |     7 |       ||     7
  Eat: Chunk             |     2 |     3 ||     5
Armor: Ring mail         |    10 |    12 ||    22
Dodge: Dodged            |    44 |    18 ||    62
